 Dungeon Crawl Stone Soup version 0.21-a0-510-g5070ee8bc0 (webtiles) character file.

28 Kaname the Magician (level 2, 0/19 HPs)
             Began as a Demonspawn Wizard on Dec 1, 2017.
             Slain by a kobold
             ... wielding a +0 club
              (6 damage)
             ... on level 2 of the Dungeon.
             The game lasted 00:03:54 (1325 turns).

Kaname the Magician (Demonspawn Wizard)             Turns: 1325, Time: 00:03:54

Health: 0/19       AC:  2    Str:  7    XL:     2   Next: 96%
Magic:  5/6        EV: 12    Int: 19    God:
Gold:   67         SH:  0    Dex: 11    Spells: 4/7 levels left

rFire    . . .     SeeInvis .   j - +0 spear
rCold    . . .     Gourm    .   (no shield)
rNeg     . . .     Faith    .   a - +0 robe
rPois    .         Spirit   .   b - +0 hat
rElec    .         Reflect  .   (no cloak)
rCorr    .         Harm     .   (no gloves)
MR       .....                  (no boots)
Stlth    ++........             (no amulet)
HPRegen  0.06/turn              (no ring)
MPRegen  0.10/turn              (no ring)

@: no status effects
A: claws 1
a: no special abilities


You were on level 2 of the Dungeon.
You were not hungry.

You visited 1 branch of the dungeon, and saw 2 of its levels.

You collected 67 gold pieces.

Inventory:

Hand Weapons
 j - a +0 spear (weapon)
Armour
 a - a +0 robe (worn)
 b - a +0 hat (worn)
Wands
 l - a wand of disintegration (10)
Scrolls
 e - 4 scrolls of teleportation {unknown}
 f - 3 scrolls of identify {unknown}
 g - a scroll of magic mapping {unknown}
 k - 4 scrolls of amnesia {unknown}
 m - 2 scrolls of blinking {unknown}
Potions
 h - a potion of lignification {unknown}
 i - 2 potions of agility {unknown}
 p - a potion of magic {unknown}
 q - a potion of curing {unknown}
Books
 c - a book of Minor Magic

   Spells                             Type                      Level
   a - Magic Dart                     Conjuration                  1
   b - Blink                          Translocation                2
   c - Call Imp                       Summoning                    2
   d - Slow                           Hexes                        2
   e - Conjure Flame                  Conjuration/Fire             3
   f - Mephitic Cloud                 Conjuration/Poison/Air       3
Comestibles
 d - a bread ration
 n - a meat ration
 r - a royal jelly


   Skills:
 - Level 1.7 Dodging
 - Level 1.7 Stealth
 - Level 3.0 Spellcasting
 + Level 3.0 Conjurations
   Level 1.0 Summonings
 - Level 0.8 Translocations


You had 4 spell levels left.
You knew the following spells:

 Your Spells              Type           Power        Failure   Level  Hunger
a - Magic Dart            Conj           ##..         4%          1    None
b - Blink                 Tloc           N/A          16%         2    ##.....


Dungeon Overview and Level Annotations

Branches:
Dungeon (2/15)

Altars:

Annotations:
D:1 Terence
D:2 Robin


Innate Abilities, Weirdness & Mutations

You have sharp fingernails.


Message History

Press: ? - help, Shift-Dir - straight line, f/p - hobgoblin
Aim: a hobgoblin (almost dead)
The magic dart hits the hobgoblin.
You kill the hobgoblin!
Your Conjurations skill increases to level 3!
Robin's bangles clink loudly.
All of the chunks of flesh in your inventory have rotted away.
Press: ? - help, v - describe, . - travel
Here: Robin, wielding a club, wearing an animal skin and wearing a helmet The floor.
Unknown command.
The hobgoblin shouts!
You hear a shout!
The hobgoblin barely misses you. The hobgoblin closely misses you.
The hobgoblin hits you but does no damage.
The kobold hits you but does no damage.
You hit the kobold.
The kobold is moderately wounded.
The kobold hits you with a club.
You die...

#######.##### #....#.#g# #.#
............###....#.#g# #.#
........###..##....#.#.# #.#
######........+....#+#'### #.#
#.#####..#.(........###.## #.
####.#(###............ #.
#...g#.###)........... #.
#.##g#K......#........
#.###.#..@.......#........
#.#..............#........
#.#.###........#........
...#......####'#######.##
######..##...........).g.#
######............###.#########
#....#.....#.##..........#
#....#.....#....##.##.##.# ##
#....#....†..............#.####.


You could see Robin, a hobgoblin and a kobold.

Vanquished Creatures
  A worm (D:2)
  2 bats (D:2)
  2 giant cockroaches (D:2)
  3 goblins (D:2)
  8 hobgoblins
  A ball python (D:2)
  2 frilled lizards
  3 rats
22 creatures vanquished.

Notes
Turn   | Place    | Note
-------+----------+-------------------------------------------
     0 | D:1      | Kaname the Demonspawn Wizard began the quest for the Orb.
     0 | D:1      | Reached XP level 1. HP: 13/13 MP: 4/4
   548 | D:2      | Noticed Terence
   694 | D:2      | Gained mutation: You have sharp fingernails. [demonic ancestry]
   694 | D:2      | Reached XP level 2. HP: 19/19 MP: 3/6
   698 | D:2      | Learned a level 2 spell: Blink
  1125 | D:2      | Noticed Robin
  1325 | D:2      | Slain by a kobold

Vault maps used:
D:1:      nzn_arrival_water_spiral
D:2:      uniq_terence, uniq_robin

Skill      XL: |  1  2 |
---------------+-------+-----
Conjurations   | 2 3 |  3.0
Dodging        | |  1.7
Stealth        | |  1.7
Spellcasting   | |  3.0
Summonings     | |  1.0
Translocations | |  0.8

Action                   || total
-------------------------++-------
Melee: Spear             ||    57
 Cast: Magic Dart        ||    43
       Blink             ||     2
  Eat: Chunk             ||     1
Armor: Robe              ||    12
Dodge: Dodged            ||    43

Table legend:
 A = Spawn XP
 B = Non-spawn XP
 C = Spawn XP percentage of total XP
 D = Spawn monster count
 E = Non-spawn monster count
 F = Spawn count percentage of total count
 G = Total turns spent on level
                    A         B        C        D         E        F      G
               +---------+---------+-------+---------+---------+-------+---------
         Total |       0 |      40 |   0.0 |       0 |      22 |   0.0 |  1325
               +---------+---------+-------+---------+---------+-------+---------
           D:1 |       0 |       5 |   0.0 |       0 |       4 |   0.0 |   631
           D:2 |       0 |      35 |   0.0 |       0 |      18 |   0.0 |   694
               +---------+---------+-------+---------+---------+-------+---------
